 Dungeon Crawl Stone Soup version 0.24-a0-458-gfcb5e6da0e (webtiles) character file.

Game seed: 16504200449217212107

13557 Azzok the Grappler (level 11, -6/109 HPs)
             Began as a Troll Fighter on June 27, 2019.
             Was a Follower of Sif Muna.
             Mangled by a bog body (20 damage)
             ... on level 2 of the Lair of Beasts.
             The game lasted 00:15:37 (9798 turns).

Azzok the Grappler (Troll Fighter)                  Turns: 9798, Time: 00:15:37

Health: -6/109     AC:  6    Str: 29    XL:     11   Next: 77%
Magic:  17/17      EV:  9    Int:  4    God:    Sif Muna [*.....]
Gold:   722        SH: 11    Dex:  9    Spells: 10/10 levels left

rFire    + . .     SeeInvis .     - Unarmed
rCold    x . .     Gourm    +   b - +0 shield
rNeg     . . .     Faith    .   a - +0 robe
rPois    .         Spirit   .   (helmet restricted)
rElec    .         Reflect  .   (no cloak)
rCorr    .         Harm     .   (gloves unavailable)
MR       .....                  (boots unavailable)
Stlth    ++........             m - amulet of regeneration
HPRegen  1.08/turn              k - ring of stealth
MPRegen  0.15/turn              y - ring of fire

@: no status effects
A: large, unfitting armour, claws 3, fast metabolism 3, gourmand, regeneration
1, shaggy fur 1, tough skin 3
a: Channel Magic, Renounce Religion


You were on level 2 of the Lair of Beasts.
You worshipped Sif Muna.
Sif Muna was aware of your devotion.
You were very full.

You visited 3 branches of the dungeon, and saw 14 of its levels.

You collected 722 gold pieces.

Inventory:

Hand Weapons
 v - a +3 flail of protection
Missiles
 x - 4 throwing nets (quivered)
Armour
 a - a +0 robe (worn)
 b - a +0 shield (worn)
Jewellery
 k - a ring of stealth (left claw)
 m - an amulet of regeneration (around neck)
 y - a ring of fire (right claw)
 A - an uncursed ring of fire
 M - the amulet of Woekk {RegenMP rElec}
   (You found it on level 9 of the Dungeon)

   [amulet of magic regeneration]

   It increases your magic regeneration.
   It insulates you from electricity.
Wands
 g - a wand of iceblast (4)
 n - a wand of flame (28)
 o - a wand of acid (5)
 w - a wand of enslavement (8)
 D - a wand of scattershot (6)
 J - a wand of paralysis (10)
Scrolls
 e - 4 scrolls of enchant weapon
 h - 5 scrolls of immolation {unknown}
 i - 3 scrolls of magic mapping {unknown}
 j - a scroll of noise {unknown}
 l - 8 scrolls of teleportation {unknown}
 p - 8 scrolls of remove curse
 s - 7 scrolls of blinking {unknown}
 B - a scroll of vulnerability {unknown}
 E - a scroll of summoning {unknown}
 I - a scroll of holy word {unknown}
 K - a scroll of identify
 L - a scroll of amnesia {unknown}
Potions
 c - a potion of might
 f - a potion of mutation {!q}
 q - a potion of invisibility
 r - 2 potions of haste {unknown}
 t - a potion of brilliance {unknown}
 u - 3 potions of flight
 z - a potion of ambrosia {unknown}
 C - 3 potions of degeneration {unknown}
 F - 2 potions of agility {unknown}
 G - a potion of curing {unknown}
 H - 2 potions of cancellation {unknown}
 N - a potion of magic {unknown}
 Q - 2 potions of berserk rage
Miscellaneous
 P - a lightning rod (4/4)
Comestibles
 d - 31 rations


   Skills:
 - Level 7.1 Fighting
 - Level 2.4 Dodging
 - Level 7.1 Shields
 - Level 11.3 Unarmed Combat
 + Level 9.8 Invocations


You had 10 spell levels left.
You didn't know any spells.
Your spell library contained the following spells:

 Spells                   Type           Power        Failure   Level  Hunger
 Summon Small Mammal      Summ           #...         63%         1    ##.....
 Call Imp                 Summ           #.......     77%         2    ###....
 Call Canine Familiar     Summ           #.......     94%         3    ####...
 Summon Guardian Golem    Hex/Summ       #.......     94%         3    ####...
 Summon Ice Beast         Ice/Summ       #.......     100%        4    #####..
 Summon Lightning Spire   Summ/Air       #.......     100%        4    #####..


Dungeon Overview and Level Annotations

Branches:
Dungeon (11/15)            Temple (1/1) D:5            Lair (2/6) D:9
  Swamp (0/4) Lair:2
  Snake: Lair:2-4    Spider: Lair:2-4       Orc: D:9-12

Altars:
Ashenzari
Cheibriados
Dithmenos
Elyvilon
Fedhas
Gozag
Hepliaklqana
Kikubaaqudgha
Makhleb
Nemelex Xobeh
Okawaru
Qazlal
Ru
Sif Muna
Trog
Uskayaw
Vehumet
Wu Jian
Yredelemnul
Zin
The Shining One

Shops:
D:8 *(


Innate Abilities, Weirdness & Mutations

You are too large for most types of armour.
You have claws for hands.
Your metabolism is lightning-fast.
You like to eat raw meat.
Your natural rate of healing is unusually fast.
You are covered in fur. (AC +1)
You have extremely tough skin. (AC +3)


Message History

The bog body hits you!!
* * * LOW HITPOINT WARNING * * *
The bog body touches you.
* * * LOW HITPOINT WARNING * * *
The bog body freezes you!
You feel a terrible chill!
* * * LOW HITPOINT WARNING * * *
You barely miss the bog body.
The bog body is moderately damaged.
You feel much better.
The bog body gestures at you while chanting.
The bolt of cold hits you!!
You feel a terrible chill!
* * * LOW HITPOINT WARNING * * *
You claw the bog body!
The bog body is heavily damaged.
You block the bog body's attack.
The bog body touches you but does no damage.
Your shield prevents you from hitting the bog body.
The bog body is heavily damaged.
The bog body hits you!!
You die...

▒▒··········▒·▒·····
P·^▒▒·▒'▒·▒▒▒▒ ··· ▒▒··▒▒▒
▒··§ ▒▒▒
▒▒··▒▒▒▒▒▒▒▒·▒·§§§ §≈♣
▒··P▒P'▒▒▒·▒ P······§♣≈>§≈
▒·····[···▒▒▒▒·······♣≈§♣≈
▒·▒▒▒▒··▒·▒▒·╬········§§§·
··▒·····▒·············§·
▒····P@▒P··············
·····▒···n·············▒
·▒·▒▒····▒▒▒········?▒ ▒
▒·······▒ ▒▒▒···▒···▒
·▒▒▒╬·▒·· ▒···▒▒▒▒▒▒ ▒▒
▒··▒▒▒▒▒··>·†··▒ ▒▒·
▒▒·········▒ ▒·
▒▒▒▒▒·····▒ ▒▒····


You could see a bog body.

Vanquished Creatures
  Snorg (D:10)
  Harold (D:8)
  2 two-headed ogres
  Joseph (D:9)
  3 spiny frogs (Lair:1)
  A rime drake (Lair:1)
  4 komodo dragons
  2 hippogriffs
  A bog body (Lair:2)
  A wyvern (D:10)
  A wraith (D:11)
  Sigmund (D:6)
  10 yaks
  4 hogs (D:7)
  A human (D:7)
  Menkaure (D:4)
  Edmund (D:4)
  3 porcupines (Lair:1)
  4 orc warriors
  3 sky beasts
  2 phantoms
  A wolf (Lair:2)
  2 necrophages
  4 ogres
  A centaur (D:10)
  2 crocodiles
  2 big kobolds (D:10)
  8 bullfrogs
  2 elf zombies (D:7)
  A water moccasin skeleton (D:10)
  4 scorpions
  6 wights
  A troll zombie (D:7)
  A howler monkey (D:7)
  6 crimson imps
  2 quasits
  A centaur zombie (D:6)
  2 hounds
  2 jellies
  4 orc priests
  2 centaur skeletons (D:7)
  9 orc wizards
  3 human zombies (D:7)
  Ijyb (D:5)
  2 human skeletons (D:7)
  2 iguanas (D:4)
  7 worker ants
  A hound zombie (D:10)
  3 hound skeletons
  A mummy (D:7)
  A worker ant zombie (D:8)
  A howler monkey skeleton (D:8)
  10 adders
  4 gnolls (D:7)
  4 shadow imps
  2 adder skeletons
  An adder zombie (D:5)
  4 worms
  3 leopard geckos
  37 orcs
  A giant cockroach (D:6)
  4 goblins
  12 hobgoblins
  9 jackals
  13 kobolds
  7 quokkas
  3 ball pythons
  7 bats
  6 frilled lizards
  A leopard gecko skeleton (D:9)
  2 orc zombies (D:7)
  8 rats
271 creatures vanquished.

Vanquished Creatures (others)
  A bush (Lair:1)
  A fungus (Lair:2)
  5 plants
7 creatures vanquished.

Grand Total: 278 creatures vanquished

Notes
Turn   | Place    | Note
-------+----------+-------------------------------------------
     0 | D:1      | Azzok the Troll Fighter began the quest for the Orb.
     0 | D:1      | Reached XP level 1. HP: 22/22 MP: 0/0
   111 | D:1      | Reached XP level 2. HP: 27/29 MP: 1/1
  1192 | D:2      | Reached skill level 3 in Unarmed Combat
  1192 | D:2      | Reached XP level 3. HP: 35/36 MP: 2/2
  1211 | D:2      | Found a burning altar of Makhleb.
  1306 | D:2      | Reached XP level 4. HP: 44/44 MP: 3/3
  1757 | D:3      | Found a hide-covered altar of Uskayaw.
  1757 | D:3      | Found a glowing silver altar of Zin.
  1758 | D:3      | Found a sparkling altar of Nemelex Xobeh.
  1759 | D:3      | Found a white marble altar of Elyvilon.
  1886 | D:3      | Reached XP level 5. HP: 14/53 MP: 4/4
  1937 | D:3      | Found an ancient bone altar of Kikubaaqudgha.
  1948 | D:3      | Reached skill level 4 in Unarmed Combat
  2051 | D:3      | Found an iron altar of Okawaru.
  2490 | D:4      | Reached XP level 6. HP: 58/61 MP: 5/5
  2599 | D:4      | Reached skill level 5 in Unarmed Combat
  2666 | D:4      | Noticed Menkaure
  2672 | D:4      | Killed Menkaure
  2672 | D:4      | Reached XP level 7. HP: 35/68 MP: 6/6
  2895 | D:4      | Reached skill level 6 in Unarmed Combat
  3107 | D:4      | Noticed Edmund
  3113 | D:4      | Killed Edmund
  3312 | D:5      | Entered Level 5 of the Dungeon
  3370 | D:5      | Reached XP level 8. HP: 51/79 MP: 7/7
  3407 | D:5      | Reached skill level 7 in Unarmed Combat
  3500 | D:5      | Found a staircase to the Ecumenical Temple.
  3523 | Temple   | Entered the Ecumenical Temple
  3629 | D:5      | Noticed Ijyb
  3642 | D:5      | Killed Ijyb
  4109 | D:6      | Reached skill level 5 in Fighting
  4109 | D:6      | Reached skill level 5 in Shields
  4141 | D:5      | Reached skill level 8 in Unarmed Combat
  4154 | D:6      | Noticed Sigmund
  4163 | D:6      | Killed Sigmund
  4244 | D:6      | Found a radiant altar of Vehumet.
  4306 | D:6      | Reached XP level 9. HP: 79/88 MP: 8/8
  4632 | D:6      | Identified the +1 plate armour of Fiehew {rF+ Str+5 Int+4
                  | Dex-3}
  4634 | D:6      | Found a basalt altar of Yredelemnul.
  4787 | D:7      | Found a blossoming altar of Fedhas.
  5068 | D:7      | Reached skill level 9 in Unarmed Combat
  5180 | D:7      | Found an iron altar of Okawaru.
  5367 | D:7      | Found an ancient bone altar of Kikubaaqudgha.
  5429 | D:7      | Reached skill level 10 in Unarmed Combat
  5972 | D:8      | Found Huacwiut's Weapon Shop.
  5993 | D:8      | Found Yluc's Elemental Accessories.
  6031 | D:8      | Reached XP level 10. HP: 64/100 MP: 9/9
  6138 | D:8      | Noticed Harold
  6158 | D:8      | Killed Harold
  6198 | D:8      | Noticed a two-headed ogre
  6204 | D:8      | Killed a two-headed ogre
  6204 | D:8      | Reached skill level 11 in Unarmed Combat
  6344 | D:8      | Got an iridescent long sword
  6895 | D:9      | Found a deep blue altar of Sif Muna.
  6913 | D:9      | Became a worshipper of Sif Muna the Loreminder
  6930 | D:9      | Noticed Joseph
  6942 | D:9      | Killed Joseph
  7048 | D:9      | Got a glittering sapphire amulet
  7189 | D:9      | Found a staircase to the Lair.
  7354 | D:10     | Entered Level 10 of the Dungeon
  7496 | D:9      | Identified the amulet of Woekk {RegenMP rElec} (You found
                  | it on level 9 of the Dungeon)
  7497 | D:9      | Identified the +6 long sword of Defilement {slice, rPois
                  | rN+ Str+3} (You found it on level 8 of the Dungeon)
  7595 | D:10     | Noticed a two-headed ogre
  7604 | D:10     | Killed a two-headed ogre
  7604 | D:10     | Reached skill level 5 in Invocations
  7757 | D:10     | Reached XP level 11. HP: 98/109 MP: 13/13
  7956 | D:10     | Reached * piety under Sif Muna
  8209 | D:10     | Got a heavily jewelled robe
  8236 | D:10     | Noticed Snorg
  8246 | D:10     | Killed Snorg
  8315 | D:10     | Identified the cursed +1 robe of the Mutiny {*Slow rC+ MP+9
                  | Stlth+} (You found it on level 10 of the Dungeon)
  8341 | D:11     | Noticed a seven-headed hydra
  8493 | Lair:1   | Entered Level 1 of the Lair of Beasts
  9765 | Lair:2   | Found a staircase to the Swamp.
  9798 | Lair:2   | Mangled by a bog body

Levels and vault maps discovered:
D:1:      erik_arrival_cave_to_civilisation [erik_arrival_cave_to_hall],
          layout_basic, minmay_pentomino_w4
D:2:      layout_basic, makhleb_heckhound_becter
D:3:      layout_rooms, tgw_xom, nicolae_overflow_crystal_walls,
          grunt_temple_overflow_open, grunt_decor_one_mirror, st_stairs_7,
          okawaru_trees_1
D:4:      layout_basic, first_ration, uniq_menkaure, uniq_edmund
D:5:      minmay_spotlight, layout_gridville, minmay_temple_entry_arrows,
          uniq_ijyb
D:6:      layout_cave_pools, vehumet_altar_wand_db, basic_altar,
          hangedman_decor_lopped, uniq_sigmund
D:7:      layout_cave_pods, fedhas_altar_fruit_tree, basic_altar,
          grunt_livestock, lemuel_mausoleum_altar_kikubaaqudgha
D:8:      layout_basic, serial_shops, nicolae_shop_waterfront,
          nicolae_elemental_shop, uniq_harold
D:9:      layout_cave_pools, led_sif_pool, david_lair_shrubbed, uniq_joseph
D:10:     layout_irregular_city, minmay_misc_feat_encased, uniq_snorg
D:11:     layout_loops_ring, minmay_misc_feat_square, uniq_erica
Temple:   cyrus_circular_temple
Lair:1:   layout_roguey, wad_woods_06, grunt_megastairs_3, serial_bayou_shore_a
Lair:2:   layout_roguey, skrybe_swamp_entry_bodies,
          nicolae_spider_entry_non_spiders, lemuel_fruit_fields,
          grunt_megastairs_4

Skill      XL: |  1  2  3  4  5  6  7  8  9 10 11 |
---------------+----------------------------------+-----
Unarmed Combat | 3 4 5 6 8 10 11 | 11.3
Fighting       | 3 4 5 6 7 |  7.1
Shields        | 3 4 5 6 7 |  7.1
Invocations    | 5 9 |  9.8
Dodging        | |  2.4

Action                   |  1- 3 |  4- 6 |  7- 9 | 10-12 || total
-------------------------+-------+-------+-------+-------++-------
Melee: Unarmed           |    85 |   129 |   430 |   297 ||   941
  Use: Scroll            |       |       |       |    10 ||    10
       Potion            |       |       |       |     4 ||     4
 Stab: Sleeping          |     2 |     4 |     8 |     4 ||    18
  Eat: Chunk             |    14 |    13 |    30 |    34 ||    91
       Ration            |     1 |       |       |       ||     1
Armor: Robe              |    31 |    28 |    64 |    49 ||   172
Dodge: Dodged            |    23 |    22 |   107 |    67 ||   219
Block: Shield            |    44 |    44 |   166 |   114 ||   368

Table legend:
 A = Non-vault XP
 B = Vault XP
 C = Vault XP percentage of total XP
 D = Non-vault monster count
 E = Vault monster count
 F = Vault count percentage of total count
                 A         B        C        D         E       F
            +---------+---------+-------+---------+---------+-------
      Total |   12321 |    7047 |  36.4 |     226 |      45 |  16.6
            +---------+---------+-------+---------+---------+-------
        D:1 |      20 |      12 |  37.5 |      13 |       6 |  31.6
        D:2 |      34 |      42 |  55.3 |      14 |       1 |   6.7
        D:3 |     118 |      16 |  11.9 |      21 |       2 |   8.7
        D:4 |     625 |     333 |  34.8 |      21 |       2 |   8.7
        D:5 |     879 |      43 |   4.7 |      29 |       3 |   9.4
        D:6 |     754 |     214 |  22.1 |      23 |       2 |   8.0
        D:7 |     699 |    1523 |  68.5 |      28 |      17 |  37.8
        D:8 |    1801 |     987 |  35.4 |      20 |       1 |   4.8
        D:9 |     690 |     777 |  53.0 |      11 |       2 |  15.4
       D:10 |    3177 |    1162 |  26.8 |      30 |       1 |   3.2
       D:11 |     220 |       0 |   0.0 |       1 |       0 |   0.0
     Lair:1 |    2980 |    1694 |  36.2 |      12 |       7 |  36.8
     Lair:2 |     324 |     244 |  43.0 |       3 |       1 |  25.0
            +---------+---------+-------+---------+---------+-------
